Map: Orbital Shipyard

Players

xKawaiian

  • Race: Terran Terran
  • League: Master

TesteR - Winner!

  • Race: Protoss Protoss
  • League: Master

VOD

Have the link to the VOD?

Description

Time

  • Played on: Jan. 15, 2016, 5:33 p.m.
  • Length: 8:31
Show
View Real Time Build Order
Export as new Build Order

xKawaiian Terran 

Build Orders: Reaper Expand 

Get SALT Encoding   

  12  0:00  SCV  
  13  0:13  SCV  
  14  0:18  Supply Depot  
  14  0:25  SCV  
  15  0:40  SCV  
  15  0:42  Barracks  
  16  0:46  Refinery  
  16  0:52  SCV  
  17  1:04  SCV  
  18  1:16  SCV  
  19  1:29  Orbital Command  
  19  1:30  Reaper  
  20  1:46  Command Center  
  20  1:57  Supply Depot, SCV  
  21  2:02  Barracks Reactor  
  21  2:09  SCV  
  21  2:14  Barracks  
  22  2:21  SCV  
  23  2:25  Barracks  
  23  2:33  SCV  
  24  2:39  Marine x2  
  26  2:46  SCV  
  27  2:58  SCV  
  28  2:59  Marine  
  28  3:00  Marine  
  30  3:06  Orbital Command  
  30  3:07  Barracks Tech Lab  
  30  3:10  SCV  
  30  3:12  Factory  
  31  3:13  Refinery  
  31  3:15  Marine  
  31  3:17  Marine x2  
  34  3:24  SCV  
  35  3:27  Stimpack, Marine  
  35  3:32  SCV  
  35  3:33  Marine  
  38  3:35  Marine  
  38  3:36  SCV  
  38  3:37  Supply Depot  
  38  3:38  Marine  
  41  3:44  SCV  
  41  3:47  Marine  
  41  3:48  SCV  
  44  3:53  Marine x2  
  46  3:58  Starport  
  46  3:59  Factory Reactor, Marine  
  46  4:00  SCV  
  48  4:03  SCV  
  48  4:07  Supply Depot  
  48  4:09  Marine  
  50  4:10  Marine  
  50  4:12  SCV, Marine  
  50  4:15  SCV  
  54  4:21  Supply Depot  
  54  4:29  Marine x3  
  54  4:30  Marine  
  54  4:31  Supply Depot  
  58  4:32  SCV  
  58  4:33  SCV  
  60  4:42  Medivac x2  
  60  4:44  SCV  
  65  4:46  SCV  
  65  4:48  Supply Depot, Marine x2  
  67  4:54  Bunker, Marine  
  67  4:57  Factory Tech Lab  
  67  4:58  Factory Reactor  
  67  4:59  Marine  
  69  5:00  SCV  
  69  5:06  Marine  
  71  5:07  Engineering Bay  
  71  5:11  Barracks  
  71  5:12  Barracks  
  71  5:15  Marine x2  
  71  5:16  Marine  
  74  5:23  Viking  
  74  5:28  SCV x2  
  78  5:31  Marine  
  78  5:33  Marine x2  
  79  5:39  Marine  
  67  5:49  Marine  
  59  5:50  Marine  
  59  5:51  Marine  
  59  5:53  Medivac x2  
  59  5:57  Marine  
  64  5:59  Barracks Reactor, Barracks Tech Lab  
  64  6:02  SCV  
  66  6:04  Refinery  
  66  6:05  SCV  
  66  6:06  Refinery  
  66  6:07  Marine  
  66  6:08  Marine  
  69  6:14  SCV  
  69  6:17  Engineering Bay  
  69  6:18  Barracks Reactor  
  69  6:23  Command Center  
  69  6:28  Marauder x2, Marine  
  69  6:32  Marine  
  74  6:38  Marine x2  
  76  6:41  Medivac  
  76  6:46  Marine  
  79  6:50  Marine, Marauder x2  
  84  6:56  Marine  
  84  6:59  Marine x2  
  85  7:03  Marine  
  85  7:08  Marine  
  86  7:11  Marauder  
  86  7:14  Marine  
  86  7:15  Marine  
  47  7:31  Marine  
  47  7:32  Marauder  
  47  7:34  Marine  
  38  7:44  SCV  
  38  7:45  SCV  
  40  7:54  Marine, Marauder  
  40  7:55  Barracks Tech Lab  
  40  7:56  SCV  
  44  8:00  SCV  
  45  8:09  SCV, Marine x2  
  48  8:15  SCV  
Show
View Real Time Build Order
Export as new Build Order

TesteR Protoss - Winner!

Build Orders: 1 Gate Expand 

Get SALT Encoding   

  12  0:01  Probe (Chrono Boost)  
  13  0:11  Probe (Chrono Boost)  
  14  0:20  Pylon  
  14  0:22  Probe (Chrono Boost)  
  15  0:38  Probe (Chrono Boost)  
  15  0:42  Gateway  
  16  0:44  Assimilator  
  16  0:49  Probe (Chrono Boost)  
  17  1:00  Probe (Chrono Boost)  
  18  1:10  Probe (Chrono Boost)  
  19  1:22  Nexus  
  19  1:30  Cybernetics Core  
  19  1:38  Probe (Chrono Boost)  
  20  1:45  Assimilator  
  20  1:49  Probe (Chrono Boost)  
  20  1:53  Pylon  
  21  1:59  Probe (Chrono Boost)  
  23  2:21  Adept (Chrono Boost)  
  25  2:34  Twilight Council  
  25  2:35  Probe  
  25  2:36  Warp Gate  
  25  2:37  Probe (Chrono Boost)  
  25  2:45  Adept (Chrono Boost)  
  25  2:47  Probe (Chrono Boost)  
  25  2:49  Probe (Chrono Boost)  
  29  2:58  Probe (Chrono Boost)  
  29  3:00  Probe (Chrono Boost)  
  30  3:09  Probe (Chrono Boost)  
  30  3:10  Probe (Chrono Boost), Resonating Glaives  
  32  3:13  Robotics Facility  
  32  3:18  Adept  
  32  3:19  Probe (Chrono Boost)  
  35  3:25  Probe (Chrono Boost)  
  36  3:33  Gateway  
  36  3:36  Gateway  
  36  3:43  Gateway  
  36  3:51  Probe (Chrono Boost)  
  36  3:52  Probe (Chrono Boost)  
  38  4:02  Probe (Chrono Boost)  
  40  4:06  Gateway, Warp Prism (Chrono Boost)  
  41  4:14  Gateway  
  41  4:23  Probe x2 (Chrono Boost)  
  43  4:24  Gateway  
  43  4:36  Mothership Core  
  45  4:43  Pylon  
  45  5:02  Warp Prism (Chrono Boost)  
  45  5:03  Probe  
  45  5:04  Pylon x2  
  45  5:05  Probe  
  45  5:06  Pylon  
  49  5:08  Pylon  
  49  5:33  Adept x3  
  49  5:34  Adept x4  
  53  5:45  Warp Prism (Chrono Boost)  
  45  6:05  Adept x2  
  45  6:06  Adept x4  
  45  6:07  Adept  
  57  6:15  Pylon  
  57  6:28  Adept x5  
  57  6:29  Adept x2  
  71  6:49  Stalker x2  
  71  6:50  Adept x3  
  71  6:51  Adept x2  
  85  7:00  Warp Prism (Chrono Boost)  
  85  7:14  Adept x4  
  93  7:18  Adept  
  81  7:29  Probe  
  65  7:30  Probe  
  51  7:39  Adept x2  
  51  7:40  Adept x2  
  51  7:51  Stalker x2  
  55  8:06  Adept x3  
  55  8:07  Adept  
  55  8:12  Pylon  
  63  8:15  Pylon  
Tags
 
Add a new tag
Caveats
  • Supply blocks, unpowered buildings, or Contaminate may cause inaccurate times.
  • Supply counts are checked every 10 seconds.